 Dungeon Crawl Stone Soup version 0.31-a0-190-g4feb4907b2 (webtiles) character file.

Game seed: 14012698788983617645

31 qw the Shooter (level 3, -7/20 HPs)
             Began as a Deep Elf Hunter on June 23, 2023.
             Mangled by Sigmund
             ... wielding a +0 scythe
              (10 damage)
             ... on level 2 of the Dungeon.
             The game lasted 00:00:20 (899 turns).

qw the Shooter (Deep Elf Hunter)                     Turns: 899, Time: 00:00:20

Health: -7/20      AC:  3    Str: 10    XL:     3   Next: 7%
Magic:  5/5        EV: 12    Int: 13    God:
Gold:   73         SH:  0    Dex: 18    Spells: 2/2 levels left

rFire   . . .        Y - +0 shortbow (freeze)
rCold   . . .        (shield currently unavailable)
rNeg    . . .        c - +0 leather armour
rPois   .            (no helmet)
rElec   .            (no cloak)
rCorr   .            (no gloves)
SInv    .            (no boots)
Will    .....        (no amulet)
Stlth   ++           (no ring)
HPRegen 0.23/turn    (no ring)
MPRegen 0.09/turn

%: no passive effects
@: lethally poisoned (-7 -> -10)
A: no striking features
a: no special abilities


You were on level 2 of the Dungeon.
You visited 1 branch of the dungeon, and saw 2 of its levels.

You collected 73 gold pieces.


   Skills:
 - Level 1.5 Fighting
 + Level 6.7 Ranged Weapons
 - Level 2.4 Dodging
 - Level 1.2 Stealth


You had 2 spell levels left.
You didn't know any spells.
Your spell library was empty.

Inventory:

Hand Weapons
 Y - a +0 shortbow of freezing (weapon)
Armour
 c - a +0 leather armour (worn)
Potions
 a - 2 potions of enlightenment {unknown}
 h - a potion of attraction {unknown}
 i - a potion of heal wounds {unknown}

Dungeon Overview and Level Annotations

Branches:
Dungeon (2/15)

Altars:

Annotations:
D:2 Sigmund


Message History

The arrow hits Sigmund but does no damage.
Sigmund is severely wounded.
Sigmund gestures at you while chanting.
You are confused.
Sigmund mumbles some strange words.
Sigmund flickers and vanishes!
Deactivating autopickup; reactivate with Ctrl-A.
Something hits you. Something hits you.
You feel less confused. Something hits you.
879 ||| FLEEEEING.
880 ||| STILL FLEEEEING.
881 ||| STILL FLEEEEING.
882 ||| STILL FLEEEEING.
883 ||| STILL FLEEEEING.
884 ||| STILL FLEEEEING.
885 ||| FLEEEEING.
886 ||| FLEEEEING.
887 ||| FLEEEEING.
888 ||| FLEEEEING.
889 ||| FLEEEEING.
890 ||| FLEEEEING.
891 ||| STILL FLEEEEING.
892 ||| FLEEEEING.
You are confused.
You hear some strange, mumbled words.
Something tries to affect you, but you resist.
Something hits you.
You feel less confused.
The kobold hits you with a +2 whip of venom.
You are poisoned.
Something hits you.
You shoot an arrow.
The arrow hits the kobold but does no damage.
You feel sick. The kobold closely misses you.
You shoot an arrow. The arrow closely misses the kobold.
You feel sick. Something hits you!
Ouch! That really hurt!
You die...

####### ######
#..K@.#
#....######.....####
#.##...............#
#.#########.....##.#
K.{..# #.....##.###
###..# ########>..#
...# #.#.# ...#
#...# ....# ##.##


You could see a kobold.

Vanquished Creatures
  A gnoll (D:1)
  4 bats (D:1)
  2 endoplasms
  A giant cockroach (D:1)
  A hobgoblin (D:1)
  A kobold (D:1)
  A quokka (D:1)
  3 ball pythons (D:1)
  4 frilled lizards (D:1)
  2 goblins (D:1)
  3 rats (D:1)
23 creatures vanquished.

Notes
Turn   | Place    | Note
-------+----------+-------------------------------------------
     0 | D:1      | qw the Deep Elf Hunter began the quest for the Orb.
     0 | D:1      | Reached XP level 1. HP: 12/12 MP: 3/3
     0 | D:1      | 0 ||| qw: Version: 0.3-a-9-g12657ce
     0 | D:1      | 0 ||| qw: Game counter: 4481
     0 | D:1      | 0 ||| qw: Always use a shield: true
     0 | D:1      | 0 ||| qw: God list: Okawaru
     0 | D:1      | 0 ||| qw: Allow faded altars: false
     0 | D:1      | 0 ||| qw: Do Orc after D:15 true
     0 | D:1      | 0 ||| qw: Do second Lair branch before Depths: true
     0 | D:1      | 0 ||| qw: Lair rune preference: random
     0 | D:1      | 0 ||| qw: Plans: Normal
     0 | D:1      | 0 ||| PLANNING D:1-11
   298 | D:1      | Reached skill level 6 in Ranged Weapons
   298 | D:1      | Reached XP level 2. HP: 16/16 MP: 4/4
   580 | D:1      | Reached XP level 3. HP: 20/20 MP: 5/5
   769 | D:1      | 769 ||| READING scroll labelled ZAYCRO JISSYSU.
   770 | D:1      | 770 ||| READING scroll labelled WIYRAPNOMO.
   771 | D:1      | 771 ||| READING scroll labelled JAMOAW KELITH.
   775 | D:1      | 775 ||| READING scroll labelled WALLAB ICIOTI.
   776 | D:1      | 776 ||| DROPPING scroll of butterflies.
   864 | D:2      | Noticed Sigmund
   879 | D:2      | 879 ||| FLEEEEING.
   885 | D:2      | 885 ||| FLEEEEING.
   886 | D:2      | 886 ||| FLEEEEING.
   887 | D:2      | 887 ||| FLEEEEING.
   888 | D:2      | 888 ||| FLEEEEING.
   889 | D:2      | 889 ||| FLEEEEING.
   890 | D:2      | 890 ||| FLEEEEING.
   892 | D:2      | 892 ||| FLEEEEING.
   898 | D:2      | HP: 4/20 [poisoned by a kobold]
   899 | D:2      | Mangled by Sigmund

Levels and vault maps discovered:
D:1:      tarquinn_simple_flora_water_d, layout_loops_corners,
          palyth_stone_intersect
D:2:      layout_loops_cross, minmay_misc_feat_doors, uniq_natasha, uniq_sigmund

Skill      XL: |  1 |
---------------+----+-----
Ranged Weapons | 6 |  6.7
Fighting       | |  1.5
Dodging        | |  2.4
Stealth        | |  1.2

Action                     || total
---------------------------++-------
   Fire: Shortbow          ||    59
    Use: Scroll            ||     4
 Armour: Leather armour    ||     1
  Dodge: Dodged            ||     8

Table legend:
 A = Non-vault XP
 B = Vault XP
 C = Vault XP percentage of total XP
 D = Non-vault monster count
 E = Vault monster count
 F = Vault count percentage of total count
                 A         B        C        D         E       F
            +---------+---------+-------+---------+---------+-------
      Total |      45 |       0 |   0.0 |      23 |       0 |   0.0
            +---------+---------+-------+---------+---------+-------
        D:1 |      43 |       0 |   0.0 |      22 |       0 |   0.0
        D:2 |       2 |       0 |   0.0 |       1 |       0 |   0.0
            +---------+---------+-------+---------+---------+-------
